 Dungeon Crawl Stone Soup version 0.25-a0-447-gff83419037 (webtiles) character file.

Game seed: 12202247135354067256, levelgen mode: deterministic

2281 Gargoyl the Chopper (level 9, -2/74 HPs)
             Began as a Centaur Abyssal Knight on Jan 31, 2020.
             Was a High Priest of Lugonu.
             Splashed by a crimson imp's acid (12 damage)
             ... on level 7 of the Dungeon.
             The game lasted 00:11:50 (7793 turns).

Gargoyl the Chopper (Centaur Abyssal Knight)        Turns: 7793, Time: 00:11:51

Health: -2/74      AC:  5    Str: 16    XL:     9   Next: 16%
Magic:  12/13      EV: 10    Int: 11    God:    Lugonu [*****.]
Gold:   297        SH:  8    Dex: 11    Spells: 8/8 levels left

rFire    . . .     SeeInvis .   a - +2 hand axe
rCold    + . .     Gourm    .   k - +0 buckler
rNeg     + . .     Faith    .   r - +2 ring mail {rC+}
rPois    .         Spirit   .   (no helmet)
rElec    .         Reflect  .   (no cloak)
rCorr    .         Harm     .   (no gloves)
MR       .....                  (no barding)
Stlth    ..........             t - amulet of magic regeneration
HPRegen  0.22/turn              q - ring of positive energy
MPRegen  0.38/turn              (no ring)

@: corroded, very quick
A: large, hooves 3, large bone plates 1, rugged brown scales 1, deformed body,
speed 2, tough skin 3, MP-powered wands
a: Depart the Abyss, Bend Space, Banish, Corrupt, Enter the Abyss, Renounce
Religion


You were on level 7 of the Dungeon.
You worshipped Lugonu.
Lugonu was extremely pleased with you.
You were not hungry.

You visited 1 branch of the dungeon, and saw 7 of its levels.
You visited the Abyss 1 time.
You also visited: Sewer.

You collected 297 gold pieces.

Inventory:

Hand Weapons
 a - a +2 hand axe (weapon)
Missiles
 o - 5 javelins (quivered)
 u - 4 boomerangs
Armour
 k - a +0 buckler (worn)
 r - a +2 ring mail of cold resistance (worn)
Jewellery
 q - a ring of positive energy (left hand)
 t - an amulet of magic regeneration (around neck)
Scrolls
 b - 8 scrolls of teleportation
 j - a scroll of identify
 l - a scroll of remove curse
 n - 2 scrolls of fear
 w - 2 scrolls of fog
 x - 2 scrolls of blinking
Potions
 d - a potion of brilliance {unknown}
 e - a potion of mutation
 f - 2 potions of haste {unknown}
 g - 6 potions of curing
 h - 2 potions of flight {unknown}
 i - 2 potions of berserk rage {unknown}
 m - 4 potions of heal wounds {unknown}
 p - 2 potions of lignification {unknown}
 s - a potion of agility {unknown}
 v - a potion of magic {unknown}
 z - a potion of might {unknown}
Comestibles
 c - 11 rations
 A - a chunk of flesh


   Skills:
 + Level 4.4 Fighting
 + Level 5.6 Axes
 + Level 2.1 Throwing
 * Level 5.1 Armour
 * Level 3.6 Dodging
 + Level 2.2 Shields
 * Level 5.3 Invocations


You had 8 spell levels left.
You didn't know any spells.
Your spell library contained the following spells:

 Spells                   Type           Power        Failure   Level  Hunger
 Corona                   Hex            #......      54%         1    ##.....
 Slow                     Hex            #.......     69%         2    ###....
 Confusing Touch          Hex            #.......     89%         3    ####...
 Gell's Gravitas          Tloc           #.........   89%         3    ####...
 Inner Flame              Hex/Fire       #.......     89%         3    ####...
 Portal Projectile        Hex/Tloc       #.....       89%         3    ####...
 Cause Fear               Hex            #.........   100%        4    #####..
 Leda's Liquefaction      Hex/Erth       #.........   100%        4    #####..
 Petrify                  Tmut/Erth      #.......     100%        4    #####..
 Metabolic Englaciation   Hex/Ice        #.........   100%        5    ######.
 Yara's Violent Unravell  Hex/Tmut       #.........   100%        5    ######.


Dungeon Overview and Level Annotations

Branches:
Dungeon (7/15)             Temple (0/1) D:5           Sewer (visited)

Altars:
Qazlal

Shops:
D:5 :


Innate Abilities, Weirdness & Mutations

You have hooves in place of feet.
Armour fits poorly on your strangely shaped body.
You cover ground very quickly.
You have extremely tough skin. (AC +3)
You are partially covered in large bone plates. (SH +4)
You are partially covered in rugged brown scales. (AC +1, +3% HP)
You expend magic power (3 MP) to strengthen your wands.


Message History

You block the killer bee's attack. The killer bee barely misses you.
You miss the killer bee. Your kick misses the killer bee.
The killer bee is heavily wounded.
The killer bee stings you.
* * * LOW HITPOINT WARNING * * *
You are poisoned.
The killer bee poisons you!
The killer bee stings you but does no damage.
You feel better. The killer bee barely misses you.
You block the killer bee's attack.
The crimson imp blinks!
You slash the killer bee! Your kick misses the killer bee.
The killer bee is almost dead.
The killer bee stings you but does no damage. x2
You hit the killer bee.
You kill the killer bee!
Lugonu accepts your kill.
The crimson imp zaps a wand.
The bolt of acid hits you!
* * * LOW HITPOINT WARNING * * *
The acid corrodes you!
You are splashed with acid!
You die...

#.......#
#.....#.###......#
#.....#..##......##
#.....##.##........
#..... #.##...5....
#..... #..#........
###### ##.#........
#.#......##
#.#@.......
#..##.###.#
######### ##.# #
........# #..
........# ##.#
........# .#
........### .#
..........# .#
..........# ..


You could see a crimson imp.

Vanquished Creatures
  A hippogriff (D:7)
  Eustachio (D:5)
  Sigmund (D:2)
  A slave (D:7)
  4 phantoms
  2 ogres
  A centaur (D:5)
  3 bullfrogs
  A scorpion (D:4)
  A water moccasin skeleton (D:5)
  2 killer bees (D:7)
  2 howler monkeys (D:7)
  A crimson imp (D:5)
  An orc priest (D:3)
  A hound (D:7)
  2 orc wizards (D:5)
  An iguana (D:4)
  Natasha (twice) (D:2)
  3 worker ants
  A hound skeleton (D:7)
  A worker ant zombie (D:7)
  4 gnolls (D:2)
  6 river rats
  14 adders
  An ooze (D:3)
  2 adder skeletons
  2 dart slugs (D:2)
  5 leopard geckos
  8 orcs
  13 ball pythons
  10 giant cockroaches
  5 goblins
  5 hobgoblins
  3 jackals (D:2)
  2 quokkas
  12 bats
  5 frilled lizards
  A giant cockroach zombie (D:5)
  9 kobolds
  A quokka zombie (D:7)
  33 rats
  A bush (D:5)
175 creatures vanquished.

Vanquished Creatures (others)
  An orc warrior (D:5)
1 creature vanquished.

Grand Total: 176 creatures vanquished

Notes
Turn   | Place    | Note
-------+----------+-------------------------------------------
     0 | Abyss:1  | Gargoyl the Centaur Abyssal Knight began the quest for the
                  | Orb.
     0 | Abyss:1  | Reached XP level 1. HP: 19/19 MP: 2/2
    25 | Abyss:1  | Noticed a small abomination
    41 | Abyss:1  | Noticed a large abomination
    57 | Abyss:1  | Noticed a small abomination
   138 | Abyss:1  | Noticed a ynoxinul
   180 | Abyss:1  | Noticed a thrashing horror
   181 | Abyss:1  | Noticed a wraith
   182 | D:1      | Escaped the Abyss
   358 | D:1      | Reached * piety under Lugonu
   368 | D:1      | Reached XP level 2. HP: 21/26 MP: 3/3
   719 | D:1      | Reached skill level 1 in Dodging
  1395 | D:2      | Reached XP level 3. HP: 21/31 MP: 4/4
  1841 | D:2      | Reached ** piety under Lugonu
  1970 | D:2      | Reached XP level 4. HP: 19/38 MP: 5/5
  2572 | D:2      | Noticed Sigmund
  2583 | D:2      | Gained mutation: You are partially covered in large bone
                  | plates. (SH +4) [potion of mutation]
  2583 | D:2      | Gained mutation: You expend magic power (3 MP) to
                  | strengthen your wands. [potion of mutation]
  2583 | D:2      | Gained mutation: You are partially covered in rugged brown
                  | scales. (AC +1, +3% HP) [potion of mutation]
  2594 | D:2      | Killed Sigmund
  2594 | D:2      | Reached XP level 5. HP: 25/46 MP: 5/7
  2757 | D:2      | Noticed Natasha
  2765 | D:2      | Killed Natasha
  2765 | D:2      | Reached XP level 6. HP: 47/52 MP: 8/8
  2923 | D:2      | Noticed Natasha
  2930 | D:2      | Killed Natasha
  3919 | D:4      | Reached XP level 7. HP: 52/59 MP: 9/9
  4072 | D:4      | Reached skill level 1 in Shields
  4192 | D:4      | Reached *** piety under Lugonu
  4779 | D:5      | Entered Level 5 of the Dungeon
  4804 | D:5      | Reached skill level 1 in Throwing
  4917 | D:5      | Found a glowing drain.
  4926 | Sewer    | Entered a sewer
  5182 | Sewer    | Reached XP level 8. HP: 54/67 MP: 11/11
  5482 | Sewer    | Reached **** piety under Lugonu
  6100 | D:5      | Found a staircase to the Ecumenical Temple.
  6134 | D:5      | Found Jymy's Book Shoppe.
  6742 | D:5      | Noticed Eustachio
  6770 | D:5      | Killed Eustachio
  6770 | D:5      | Reached skill level 5 in Axes
  7037 | D:6      | Found a stormy altar of Qazlal.
  7041 | D:6      | Noticed Pikel
  7287 | D:7      | Reached skill level 5 in Invocations
  7291 | D:7      | Reached ***** piety under Lugonu
  7427 | D:7      | Reached skill level 5 in Armour
  7427 | D:7      | Reached XP level 9. HP: 52/74 MP: 12/12
  7793 | D:7      | Splashed by a crimson imp's acid

Levels and vault maps discovered:
D:1:      dpeg_arrival_renting, layout_basic, minmay_misc_feat_chi,
          kennysheep_nondescript, minmay_split_cup_large
D:2:      layout_loops_ring, minmay_door_square, uniq_sigmund, uniq_natasha
D:3:      layout_rooms, first_ration
D:4:      layout_gridville
D:5:      layout_layer_cave, minmay_temple_entry_overgrown,
          portal_sewer_entry_e, serial_shops, shop, uniq_eustachio
D:6:      layout_basic, grunt_qazlal_sundering, uniq_pikel, uniq_edmund
D:7:      layout_basic, serial_shops, shop, kennysheep_potato

Skill      XL: |  1  2  3  4  5  6  7  8  9 |
---------------+----------------------------+-----
Dodging        | 1 2 3 |  3.6
Axes           | 2 3 4 5 |  5.6
Armour         | 2 3 4 5 |  5.1
Invocations    | 3 4 5 |  5.3
Shields        | 1 2 |  2.2
Throwing       | 1 2 |  2.1
Fighting       | 4 |  4.4

Action                   |  1- 3 |  4- 6 |  7- 9 || total
-------------------------+-------+-------+-------++-------
Melee: Hand axe          |   107 |   117 |   401 ||   625
       Kick              |    21 |    24 |    99 ||   144
Throw: Javelin           |       |     6 |    30 ||    36
       Boomerang         |       |       |     3 ||     3
Invok: Depart the Abyss  |     1 |       |       ||     1
       Banish            |       |       |     1 ||     1
  Use: Scroll            |     4 |       |     9 ||    13
       Potion            |       |     1 |     4 ||     5
  Eat: Chunk             |     2 |     5 |    12 ||    19
Armor: Leather armour    |    22 |       |       ||    22
       Chain mail        |    87 |    79 |    72 ||   238
       Ring mail         |       |     2 |    95 ||    97
Dodge: Dodged            |    47 |    20 |   114 ||   181
Block: Buckler           |     4 |    54 |   153 ||   211

Table legend:
 A = Non-vault XP
 B = Vault XP
 C = Vault XP percentage of total XP
 D = Non-vault monster count
 E = Vault monster count
 F = Vault count percentage of total count
                 A         B        C        D         E       F
            +---------+---------+-------+---------+---------+-------
      Total |    2268 |     991 |  30.4 |     109 |      65 |  37.4
            +---------+---------+-------+---------+---------+-------
        D:1 |      24 |       6 |  20.0 |      17 |       4 |  19.0
        D:2 |     160 |     255 |  61.4 |      30 |       2 |   6.2
        D:3 |     129 |       0 |   0.0 |      23 |       0 |   0.0
        D:4 |     527 |       0 |   0.0 |      10 |       0 |   0.0
        D:5 |     678 |     255 |  27.3 |      17 |       9 |  34.6
        D:7 |     750 |     130 |  14.8 |      12 |       2 |  14.3
      Sewer |       0 |     345 | 100.0 |       0 |      48 | 100.0
            +---------+---------+-------+---------+---------+-------
